 Dungeon Crawl Stone Soup version 0.30.0-21-gd299b56b3f (webtiles) character file.

Game seed: 1772829995402689334

22386 qw the Cleaver (level 12, -4/77 HPs)
             Began as a Gargoyle Fighter on June 2, 2023.
             Was an Elder of Okawaru.
             Slain by an eight-headed hydra (7 damage)
             ... on level 4 of the Lair of Beasts.
             The game lasted 00:07:44 (13481 turns).

qw the Cleaver (Gargoyle Fighter)                  Turns: 13481, Time: 00:07:44

Health: -4/77      AC: 30    Str: 24    XL:     12   Next: 99%
Magic:  17/17      EV: 10    Int: 10    God:    Okawaru [****..]
Gold:   719        SH: 19    Dex: 17    Spells: 11/11 levels left

rFire   + . .        l - +0 morningstar
rCold   + + .        b - +0 kite shield
rNeg    + + .        c - +1 plate armour {rF+}
rPois   inf          (no helmet)
rElec   +            (no cloak)
rCorr   .            p - +1 pair of gloves
SInv    .            m - +0 pair of boots of Darkness {rC+ rN+ Dex+2}
Will    .....        k - amulet of reflection Stlth
                     r - +6 ring of dexterity
HPRegen 0.32/turn    s - ring of protection from cold
MPRegen 0.15/turn

%: reflection
@: about to teleport, heroic
A: sickness immunity, AC +8, negative energy resistance 1, electricity
resistance, torment resistance 1, petrification resistance
a: Renounce Religion, Heroism, Finesse


You were on level 4 of the Lair of Beasts.
You worshipped Okawaru.
Okawaru was greatly pleased with you.
You visited 3 branches of the dungeon, and saw 15 of its levels.

You collected 719 gold pieces.


Innate Abilities, Weirdness & Mutations

You are immune to sickness and miasma.
Your stone body is resilient. (AC +8)
You are immune to poison.
You resist negative energy. (rN+)
You are resistant to electric shocks. (rElec)
You are resistant to unholy torment.
You are immune to petrification.


   Skills:
 - Level 10.0(15.0) Fighting
 - Level 12.0(17.0) Axes
 - Level 3.2(8.2) Throwing
 - Level 9.0(14.0) Armour
 + Level 2.3(7.3) Dodging
 - Level 10.8(15.8) Shields
 + Level 7.8 Invocations


You had 11 spell levels left.
You didn't know any spells.
Your spell library was empty.

Inventory:

Hand Weapons
 l - a +0 morningstar (weapon)
 w - a +1 broad axe of draining
Armour
 b - a +0 kite shield (worn)
 c - a +1 plate armour of fire resistance (worn)
 m - the +0 pair of boots of Darkness (worn) {rC+ rN+ Dex+2}
   (You found it on level 2 of the Dungeon)

   Dex:       It affects your dexterity (+2).
   rC:        It protects you from cold.
   rN:        It protects you from negative energy.
 p - a +1 pair of gloves (worn)
 x - +0 acid dragon scales
Jewellery
 k - an amulet of reflection (around neck)
 r - a +6 ring of dexterity (left hand)
 s - a ring of protection from cold (right hand)
 Y - a ring of resist corrosion
Wands
 t - a wand of digging (4)
Scrolls
 a - 7 scrolls of identify
 q - 5 scrolls of teleportation
Potions
 d - 5 potions of might
 f - 6 potions of heal wounds
 g - 2 potions of mutation
 h - 3 potions of magic
 i - 2 potions of resistance
 j - 4 potions of lignification
 n - 5 potions of attraction
 u - a potion of haste
 v - a potion of cancellation

Dungeon Overview and Level Annotations

Branches:
Dungeon (10/15)            Temple (1/1) D:4            Lair (4/5) D:10
  Swamp (0/4) Lair:2       Spider (0/4) Lair:2          Orc (0/2) D:9
  Slime: Lair:4-5

Altars:
Ashenzari
Cheibriados
Dithmenos
Elyvilon
Fedhas
Gozag
Hepliaklqana
Kikubaaqudgha
Makhleb
Nemelex Xobeh
Okawaru
Qazlal
Ru
Sif Muna
Trog
Uskayaw
Vehumet
Wu Jian
Xom
Yredelemnul
Zin
The Shining One

Annotations:
D:7 1 runed translucent door, Crazy Yiuf
D:10 5 runed translucent doors


Message History

The eight-headed hydra bites you but does no damage.
The eight-headed hydra barely misses you.
The eight-headed hydra bites you but does no damage.
You block the eight-headed hydra's attack.
The eight-headed hydra barely misses you.
The eight-headed hydra closely misses you.
The eight-headed hydra bites you but does no damage.
You barely miss the eight-headed hydra.
The eight-headed hydra is heavily wounded.
You block the black mamba's attack. You block the water moccasin's attack.
The black mamba bites you but does no damage.
The water moccasin bites you.
You puncture the eight-headed hydra!
The eight-headed hydra is heavily wounded.
You block the eight-headed hydra's attack.
The eight-headed hydra completely misses you.
You block the eight-headed hydra's attack. x3
The eight-headed hydra closely misses you.
The eight-headed hydra bites you but does no damage.
The eight-headed hydra barely misses you.
The black mamba bites you.
The water moccasin bites you but does no damage.
You sock the eight-headed hydra!
The eight-headed hydra is severely wounded.
The black mamba barely misses you.
You block the eight-headed hydra's attack. x2
The eight-headed hydra bites you but does no damage.
You block the eight-headed hydra's attack.
The eight-headed hydra bites you! x2
The eight-headed hydra bites you but does no damage. x2
The water moccasin misses you.
The black mamba bites you but does no damage.
13481 ||| READING 6 scrolls of teleportation.
As you read the scroll of teleportation, it crumbles to dust.
You feel strangely unstable.
The black mamba bites you but does no damage.
The water moccasin barely misses you.
You block the eight-headed hydra's attack.
The eight-headed hydra bites you!
You die...

7. (.
7. .7
##\##
##...##
#SDS..#
#.@..>#
#<....#
##...##
##\##
..7
77.# .#
#


You could see an eight-headed hydra, a black mamba and a water moccasin.

Vanquished Creatures
  A two-headed ogre (D:9)
  6 death yaks (Lair:1)
  6 elephants
  A komodo dragon (Lair:2)
  8 cane toads
  Maggie (Lair:1)
  A polar bear (Lair:1)
  2 trolls
  4 blink frogs
  17 yaks
  2 wyverns
  3 shadows
  2 wraiths (D:10)
  A redback (Lair:2)
  A steam dragon (D:9)
  2 swamp worms (Lair:2)
  Edmund (D:6)
  A warg (D:9)
  An acid dragon (D:10)
  9 water moccasins
  Duvessa (D:6)
  11 orc warriors
  3 ice beasts
  3 sky beasts
  9 black bears
  An ogre (D:4)
  7 wolves
  2 phantoms
  2 centaurs
  13 bullfrogs
  4 gnoll sergeants
  A scorpion (D:5)
  Dowan (D:6)
  7 wights
  3 killer bees (D:9)
  2 electric eels (Lair:1)
  8 howler monkeys
  3 jellies
  7 orc priests
  2 gnoll boudas (D:7)
  5 hounds
  3 sleepcaps
  3 iguanas
  15 orc wizards
  6 adders
  28 gnolls
  3 shadow imps
  A white imp (D:6)
  5 worms
  4 dart slugs
  46 orcs
  8 ball pythons
  4 bats
  9 endoplasms
  2 giant cockroaches
  7 goblins
  A hobgoblin (D:3)
  10 jackals
  4 quokkas
  7 frilled lizards
  2 kobolds
  8 rats
341 creatures vanquished.

Vanquished Creatures (others)
  An orc wizard (D:6)
1 creature vanquished.

Grand Total: 342 creatures vanquished

Notes
Turn   | Place    | Note
-------+----------+-------------------------------------------
     0 | D:1      | qw the Gargoyle Fighter began the quest for the Orb.
     0 | D:1      | Reached XP level 1. HP: 14/14 MP: 1/1
     0 | D:1      | 0 ||| qw: Version: 0.2-a-102-gdf20003
     0 | D:1      | 0 ||| qw: Game counter: 797
     0 | D:1      | 0 ||| qw: Always use a shield: true
     0 | D:1      | 0 ||| qw: God list: Okawaru
     0 | D:1      | 0 ||| qw: Allow faded altars: false
     0 | D:1      | 0 ||| qw: Do Orc after D:15 true
     0 | D:1      | 0 ||| qw: Do second Lair branch before Depths: true
     0 | D:1      | 0 ||| qw: Lair rune preference: random
     0 | D:1      | 0 ||| qw: Plans: Normal, Zot:1-4, Slime:5, God:TSO, Crypt,
                  | Tomb, Pan, Hells, Abyss, Win
     0 | D:1      | 0 ||| PLANNING D:1-11
    45 | D:1      | 45 ||| Stepping ~*~*~tactically~*~*~ (stealth).
    97 | D:1      | Reached skill level 2 in Axes
   263 | D:1      | Reached XP level 2. HP: 19/19 MP: 2/2
   914 | D:1      | 914 ||| READING 3 scrolls labelled PIAMAE BARAGU.
   915 | D:1      | 915 ||| READING scroll labelled RUTINI SOJE.
  1016 | D:1      | 1016 ||| READING scroll labelled URAUSTREOGEH.
  1017 | D:1      | 1017 ||| READING scroll labelled HIEWUE CIHAEQ.
  1114 | D:2      | Reached skill level 3 in Axes
  1140 | D:2      | Reached XP level 3. HP: 15/23 MP: 3/3
  1234 | D:2      | 1234 ||| Stepping ~*~*~tactically~*~*~ (stealth).
  1441 | D:2      | Identified the +5 ring mail of Uskayaw's Hope {Contam Harm
                  | rPois}
  1527 | D:2      | Identified the +0 pair of boots of Darkness {rC+ rN+ Dex+2}
  1658 | D:2      | Reached XP level 4. HP: 28/28 MP: 4/4
  1727 | D:2      | 1727 ||| UPGRADING to +0 pair of boots of Darkness {rC+ rN+
                  | Dex+2}.
  1732 | D:2      | 1732 ||| DROPPING amulet of magic regeneration.
  1733 | D:2      | 1733 ||| UPGRADING to amulet of reflection.
  1738 | D:2      | 1738 ||| READING scroll labelled YHUDOVE JACUSMI.
  1741 | D:2      | 1741 ||| DRINKING 2 bubbling purple potions.
  1744 | D:2      | 1744 ||| READING 2 scrolls of identify.
  1744 | D:2      | 1744 ||| IDENTIFYING fuming puce potion
  1745 | D:2      | 1745 ||| DROPPING potion of ambrosia.
  1823 | D:3      | Reached skill level 4 in Axes
  1827 | D:3      | Reached skill level 1 in Dodging
  1990 | D:3      | Reached XP level 5. HP: 32/32 MP: 5/5
  2050 | D:3      | 2050 ||| Stepping ~*~*~tactically~*~*~ (hiding).
  2178 | D:3      | Identified the +8 short sword "Verow" {speed, Str+2}
  2185 | D:3      | 2185 ||| Stepping ~*~*~tactically~*~*~ (hiding).
  2201 | D:3      | 2201 ||| Stepping ~*~*~tactically~*~*~ (stealth).
  2202 | D:3      | 2202 ||| Stepping ~*~*~tactically~*~*~ (stealth).
  2210 | D:3      | 2210 ||| DROPPING +0 club.
  2212 | D:3      | Found a faded altar of an unknown god.
  2342 | D:3      | Found a glowing silver altar of Zin.
  2501 | D:3      | 2501 ||| Stepping ~*~*~tactically~*~*~ (hiding).
  2503 | D:3      | 2503 ||| Stepping ~*~*~tactically~*~*~ (hiding).
  2504 | D:3      | 2504 ||| Stepping ~*~*~tactically~*~*~ (hiding).
  2506 | D:3      | 2506 ||| Stepping ~*~*~tactically~*~*~ (hiding).
  2507 | D:3      | 2507 ||| Stepping ~*~*~tactically~*~*~ (hiding).
  2562 | D:3      | 2562 ||| Stepping ~*~*~tactically~*~*~ (stealth).
  2563 | D:3      | 2563 ||| Stepping ~*~*~tactically~*~*~ (stealth).
  2640 | D:3      | 2640 ||| READING scroll labelled KAVVEA YSTRYWUU.
  2641 | D:3      | 2641 ||| READING scroll labelled BINLUN ELAO.
  2642 | D:3      | 2642 ||| DRINKING 2 sedimented brown potions.
  2643 | D:3      | 2643 ||| READING 2 scrolls of identify.
  2643 | D:3      | 2643 ||| IDENTIFYING silvery potion
  2644 | D:3      | 2644 ||| DROPPING potion of flight.
  2673 | D:4      | 2673 ||| Stepping ~*~*~tactically~*~*~ (hiding).
  2690 | D:4      | Reached skill level 5 in Axes
  2696 | D:4      | Reached XP level 6. HP: 13/38 MP: 6/6
  2697 | D:4      | HP: 6/38 [gnoll sergeant/+0 spear (8)]
  2698 | D:4      | 2698 ||| DRINKING potion of heal wounds.
  2716 | D:4      | 2716 ||| FLEEEEING.
  2717 | D:4      | 2717 ||| FLEEEEING.
  2718 | D:4      | 2718 ||| FLEEEEING.
  2719 | D:4      | 2719 ||| STAIRDANCE
  2812 | D:4      | 2812 ||| Stepping ~*~*~tactically~*~*~ (stealth).
  2892 | D:4      | 2892 ||| Stepping ~*~*~tactically~*~*~ (stealth).
  2975 | D:4      | Reached skill level 6 in Axes
  2975 | D:4      | Reached XP level 7. HP: 44/44 MP: 7/7
  3086 | D:4      | Found a staircase to the Ecumenical Temple.
  3087 | D:4      | 3087 ||| PLANNING TEMPLE
  3087 | D:4      | 3087 ||| READING scroll labelled NOH POHANNENYE.
  3201 | Temple   | Entered the Ecumenical Temple
  3202 | Temple   | 3202 ||| PLANNING OKAWARU WORSHIP
  3570 | Temple   | Became a worshipper of Warmaster Okawaru
  3570 | Temple   | 3570 ||| PLANNING D:1-11
  3604 | D:4      | 3604 ||| Stepping ~*~*~tactically~*~*~ (stealth).
  3913 | D:4      | 3913 ||| READING scroll of enchant weapon.
  3913 | D:4      | 3913 ||| ENCHANTING +1 war axe.
  3914 | D:4      | 3914 ||| UPGRADING to ring of resist corrosion.
  3933 | D:5      | Entered Level 5 of the Dungeon
  3934 | D:5      | Found a white marble altar of Elyvilon.
  3938 | D:5      | Found a radiant altar of Vehumet.
  3951 | D:5      | Reached skill level 7 in Axes
  4182 | D:5      | Reached XP level 8. HP: 48/49 MP: 8/8
  4187 | D:5      | 4187 ||| Stepping ~*~*~tactically~*~*~ (hiding).
  4199 | D:5      | You fall into a shaft and drop 3 floors!
  4315 | D:8      | 4315 ||| DROPPING +5 ring mail of Uskayaw's Hope {Contam
                  | Harm rPois}.
  4316 | D:8      | 4316 ||| UPGRADING to +0 pair of gloves.
  4321 | D:8      | 4321 ||| UPGRADING to +0 plate armour.
  4331 | D:8      | 4331 ||| DROPPING +0 scale mail.
  4332 | D:8      | 4332 ||| READING scroll labelled YTOURYZXIPOARR.
  4333 | D:8      | 4333 ||| READING 4 scrolls of identify.
  4333 | D:8      | 4333 ||| IDENTIFYING golden potion
  4334 | D:8      | 4334 ||| READING 3 scrolls of identify.
  4334 | D:8      | 4334 ||| IDENTIFYING green potion
  4335 | D:8      | 4335 ||| READING 2 scrolls of identify.
  4335 | D:8      | 4335 ||| IDENTIFYING glowing red potion
  4355 | D:6      | 4355 ||| Stepping ~*~*~tactically~*~*~ (stealth).
  4356 | D:6      | 4356 ||| Stepping ~*~*~tactically~*~*~ (stealth).
  4364 | D:6      | Reached * piety under Okawaru
  4369 | D:6      | 4369 ||| Stepping ~*~*~tactically~*~*~ (hiding).
  4370 | D:6      | 4370 ||| Stepping ~*~*~tactically~*~*~ (hiding).
  4374 | D:6      | 4374 ||| INVOKING Heroism.
  4381 | D:6      | Reached skill level 8 in Axes
  4386 | D:6      | 4386 ||| INVOKING Heroism.
  4387 | D:6      | 4387 ||| INVOKING Heroism.
  4447 | D:5      | Reached skill level 1 in Throwing
  4447 | D:5      | Reached skill level 1 in Invocations
  4561 | D:5      | Found a bloodstained altar of Trog.
  4667 | D:5      | Found a broken altar of Ashenzari.
  4667 | D:5      | Found a hide-covered altar of Uskayaw.
  4684 | D:5      | Found a glowing golden altar of the Shining One.
  4690 | D:5      | Found a sacrificial altar of Ru.
  4691 | D:5      | 4691 ||| Stepping ~*~*~tactically~*~*~ (stealth).
  4692 | D:5      | 4692 ||| Stepping ~*~*~tactically~*~*~ (stealth).
  4694 | D:5      | 4694 ||| Stepping ~*~*~tactically~*~*~ (stealth).
  4695 | D:5      | 4695 ||| Stepping ~*~*~tactically~*~*~ (stealth).
  4709 | D:5      | Found a burning altar of Makhleb.
  4711 | D:5      | Found an ancient bone altar of Kikubaaqudgha.
  4712 | D:5      | Found a stormy altar of Qazlal.
  4714 | D:5      | Found a shimmering blue altar of Sif Muna.
  4903 | D:5      | 4903 ||| Stepping ~*~*~tactically~*~*~ (hiding).
  4908 | D:5      | 4908 ||| INVOKING Heroism.
  4912 | D:5      | Reached skill level 3 in Invocations
  4956 | D:5      | 4956 ||| UPGRADING to +0 kite shield.
  4966 | D:5      | 4966 ||| DROPPING +0 buckler.
  4967 | D:5      | 4967 ||| READING scroll labelled KYL YS XAIX.
  4997 | D:6      | 4997 ||| Stepping ~*~*~tactically~*~*~ (hiding).
  4998 | D:6      | 4998 ||| Stepping ~*~*~tactically~*~*~ (hiding).
  4999 | D:6      | 4999 ||| Stepping ~*~*~tactically~*~*~ (hiding).
  5000 | D:6      | 5000 ||| Stepping ~*~*~tactically~*~*~ (hiding).
  5002 | D:6      | 5002 ||| INVOKING Heroism.
  5007 | D:6      | 5007 ||| Stepping ~*~*~tactically~*~*~ (stealth).
  5046 | D:6      | 5046 ||| Stepping ~*~*~tactically~*~*~ (hiding).
  5073 | D:6      | 5073 ||| Stepping ~*~*~tactically~*~*~ (stealth).
  5090 | D:6      | Reached XP level 9. HP: 55/55 MP: 11/11
  5284 | D:6      | 5284 ||| Stepping ~*~*~tactically~*~*~ (stealth).
  5314 | D:6      | 5314 ||| Stepping ~*~*~tactically~*~*~ (hiding).
  5379 | D:6      | 5379 ||| Stepping ~*~*~tactically~*~*~ (stealth).
  5381 | D:6      | 5381 ||| Stepping ~*~*~tactically~*~*~ (hiding).
  5402 | D:6      | 5402 ||| Stepping ~*~*~tactically~*~*~ (stealth).
  5406 | D:6      | 5406 ||| Stepping ~*~*~tactically~*~*~ (hiding).
  5441 | D:6      | 5441 ||| INVOKING Heroism.
  5577 | D:6      | Noticed Duvessa
  5578 | D:6      | 5578 ||| INVOKING Heroism.
  5579 | D:6      | Noticed Dowan
  5582 | D:6      | Killed Duvessa
  5586 | D:6      | Killed Dowan
  5595 | D:6      | 5595 ||| INVOKING Heroism.
  5601 | D:6      | Reached skill level 6 in Shields
  5663 | D:6      | 5663 ||| INVOKING Heroism.
  5901 | D:6      | Noticed Edmund
  5903 | D:6      | 5903 ||| INVOKING Heroism.
  5911 | D:6      | Killed Edmund
  5921 | D:6      | 5921 ||| DROPPING +0 flail.
  6026 | D:6      | 6026 ||| READING 2 scrolls of identify.
  6026 | D:6      | 6026 ||| IDENTIFYING dark potion
  6053 | D:7      | 6053 ||| INVOKING Heroism.
  6061 | D:7      | 6061 ||| STAIRDANCE
  6063 | D:6      | 6063 ||| DRINKING potion of curing.
  6063 | D:6      | 6063 ||| (to cure confusion)
  6080 | D:7      | 6080 ||| INVOKING Heroism.
  6090 | D:7      | 6090 ||| STAIRDANCE
  6105 | D:7      | 6105 ||| INVOKING Heroism.
  6195 | D:7      | 6195 ||| INVOKING Heroism.
  6204 | D:7      | Reached skill level 6 in Fighting
  6295 | D:7      | Identified the +7 mace "Ivuun" {antimagic, rN+ Str+4 Dex-2}
  6297 | D:7      | 6297 ||| DROPPING +1 flail of holy wrath.
  6320 | D:7      | 6320 ||| Stepping ~*~*~tactically~*~*~ (stealth).
  6321 | D:7      | 6321 ||| Stepping ~*~*~tactically~*~*~ (stealth).
  6345 | D:7      | Identified the +5 ring mail of Refuge {rN+ Stlth+}
  6377 | D:7      | 6377 ||| INVOKING Heroism.
  6397 | D:7      | 6397 ||| INVOKING Heroism.
  6405 | D:7      | Reached XP level 10. HP: 23/60 MP: 10/13
  6439 | D:7      | 6439 ||| FLEEEEING.
  6440 | D:7      | 6440 ||| FLEEEEING.
  6441 | D:7      | 6441 ||| FLEEEEING.
  6442 | D:7      | 6442 ||| FLEEEEING.
  6443 | D:7      | 6443 ||| FLEEEEING.
  6444 | D:7      | 6444 ||| FLEEEEING.
  6449 | D:7      | 6449 ||| FLEEEEING.
  6450 | D:7      | 6450 ||| FLEEEEING.
  6451 | D:7      | 6451 ||| FLEEEEING.
  6452 | D:7      | 6452 ||| FLEEEEING.
  6453 | D:7      | 6453 ||| FLEEEEING.
  6454 | D:7      | 6454 ||| FLEEEEING.
  6455 | D:7      | 6455 ||| FLEEEEING.
  6456 | D:7      | 6456 ||| FLEEEEING.
  6457 | D:7      | 6457 ||| FLEEEEING.
  6458 | D:7      | 6458 ||| STAIRDANCE
  6538 | D:6      | 6538 ||| DROPPING potion of berserk rage.
  6541 | D:7      | 6541 ||| STAIRDANCE
  6543 | D:6      | 6543 ||| INVOKING Heroism.
  6600 | D:6      | 6600 ||| DROPPING +7 mace "Ivuun" {antimagic, rN+ Str+4
                  | Dex-2}.
  6881 | D:7      | Found a runed translucent door.
  6882 | D:7      | Noticed Crazy Yiuf
  6927 | D:7      | 6927 ||| Stepping ~*~*~tactically~*~*~ (hiding).
  6929 | D:7      | 6929 ||| Stepping ~*~*~tactically~*~*~ (hiding).
  6930 | D:7      | 6930 ||| Stepping ~*~*~tactically~*~*~ (hiding).
  7184 | D:7      | 7184 ||| INVOKING Heroism.
  7400 | D:7      | 7400 ||| Stepping ~*~*~tactically~*~*~ (hiding).
  7404 | D:7      | Reached skill level 9 in Axes
  7721 | D:7      | 7721 ||| UPGRADING to +1 pair of gloves.
  7731 | D:7      | 7731 ||| DROPPING +0 pair of gloves.
  7732 | D:7      | 7732 ||| READING scroll labelled ZEWAEKIBIU.
  7733 | D:7      | 7733 ||| READING 2 scrolls of identify.
  7733 | D:7      | 7733 ||| IDENTIFYING viscous cyan potion
  7999 | D:8      | Reached skill level 6 in Armour
  8138 | D:9      | 8138 ||| INVOKING Heroism.
  8173 | D:9      | 8173 ||| Stepping ~*~*~tactically~*~*~ (stealth).
  8179 | D:9      | 8179 ||| Stepping ~*~*~tactically~*~*~ (stealth).
  8242 | D:9      | 8242 ||| INVOKING Heroism.
  8254 | D:9      | 8254 ||| Stepping ~*~*~tactically~*~*~ (hiding).
  8296 | D:9      | Noticed a two-headed ogre
  8297 | D:9      | 8297 ||| INVOKING Heroism.
  8310 | D:9      | Killed a two-headed ogre
  8311 | D:9      | Reached skill level 9 in Shields
  8394 | D:9      | 8394 ||| INVOKING Heroism.
  8520 | D:9      | Reached ** piety under Okawaru
  8521 | D:9      | 8521 ||| INVOKING Heroism.
  8668 | D:9      | 8668 ||| Stepping ~*~*~tactically~*~*~ (stealth).
  8852 | D:9      | 8852 ||| Stepping ~*~*~tactically~*~*~ (hiding).
  8856 | D:9      | 8856 ||| INVOKING Heroism.
  8872 | D:9      | Reached skill level 10 in Axes
  9013 | D:9      | 9013 ||| Stepping ~*~*~tactically~*~*~ (hiding).
  9016 | D:9      | 9016 ||| INVOKING Heroism.
  9026 | D:9      | 9026 ||| Stepping ~*~*~tactically~*~*~ (cloud).
  9161 | D:9      | 9161 ||| Stepping ~*~*~tactically~*~*~ (stealth).
  9162 | D:9      | 9162 ||| Stepping ~*~*~tactically~*~*~ (stealth).
  9164 | D:9      | 9164 ||| Stepping ~*~*~tactically~*~*~ (hiding).
  9172 | D:9      | 9172 ||| INVOKING Heroism.
  9191 | D:9      | 9191 ||| Stepping ~*~*~tactically~*~*~ (hiding).
  9198 | D:9      | Reached XP level 11. HP: 49/68 MP: 14/14
  9203 | D:9      | 9203 ||| FLEEEEING.
  9204 | D:9      | 9204 ||| FLEEEEING.
  9205 | D:9      | 9205 ||| FLEEEEING.
  9209 | D:9      | 9209 ||| FLEEEEING.
  9210 | D:9      | 9210 ||| FLEEEEING.
  9211 | D:9      | 9211 ||| FLEEEEING.
  9212 | D:9      | 9212 ||| STAIRDANCE
  9256 | D:8      | 9256 ||| UPGRADING to +1 plate armour of fire resistance.
  9266 | D:8      | 9266 ||| DROPPING +0 plate armour.
  9271 | D:9      | 9271 ||| STAIRDANCE
  9339 | D:9      | 9339 ||| Stepping ~*~*~tactically~*~*~ (stealth).
  9340 | D:9      | 9340 ||| Stepping ~*~*~tactically~*~*~ (stealth).
  9341 | D:9      | 9341 ||| Stepping ~*~*~tactically~*~*~ (stealth).
  9344 | D:9      | 9344 ||| INVOKING Heroism.
  9363 | D:9      | 9363 ||| INVOKING Heroism.
  9366 | D:9      | Reached skill level 3 in Throwing
  9382 | D:9      | 9382 ||| Stepping ~*~*~tactically~*~*~ (stealth).
  9391 | D:9      | 9391 ||| INVOKING Heroism.
  9399 | D:9      | 9399 ||| Stepping ~*~*~tactically~*~*~ (stealth).
  9402 | D:9      | 9402 ||| Stepping ~*~*~tactically~*~*~ (stealth).
  9409 | D:9      | Found a staircase to the Orcish Mines.
  9531 | D:9      | 9531 ||| UPGRADING to ring of protection from cold.
  9532 | D:9      | 9532 ||| READING scroll labelled SUAMI DUCIMN.
  9560 | D:10     | Entered Level 10 of the Dungeon
  9623 | D:10     | 9623 ||| Stepping ~*~*~tactically~*~*~ (stealth).
  9624 | D:10     | 9624 ||| Stepping ~*~*~tactically~*~*~ (stealth).
  9626 | D:10     | 9626 ||| Stepping ~*~*~tactically~*~*~ (hiding).
  9627 | D:10     | 9627 ||| Stepping ~*~*~tactically~*~*~ (hiding).
  9628 | D:10     | 9628 ||| Stepping ~*~*~tactically~*~*~ (hiding).
  9634 | D:10     | 9634 ||| INVOKING Heroism.
  9667 | D:10     | 9667 ||| INVOKING Heroism.
  9684 | D:10     | 9684 ||| INVOKING Heroism.
  9706 | D:10     | 9706 ||| INVOKING Heroism.
  9894 | D:10     | 9894 ||| INVOKING Heroism.
 10053 | D:10     | Noticed a wolf spider
 10054 | D:10     | Found a runed translucent gate.
 10054 | D:10     | Found a runed translucent gate.
 10054 | D:10     | Found a runed translucent gate.
 10056 | D:10     | Noticed a wolf spider
 10056 | D:10     | Noticed a wolf spider
 10066 | D:10     | Found a runed translucent door.
 10117 | D:10     | 10117 ||| Stepping ~*~*~tactically~*~*~ (hiding).
 10119 | D:10     | 10119 ||| Stepping ~*~*~tactically~*~*~ (hiding).
 10176 | D:10     | Found the +9 staff of Olgreb {rPois∞}
 10206 | D:10     | Found a runed translucent door.
 10266 | D:10     | Found an opulent altar of Gozag.
 10345 | D:10     | Found a staircase to the Lair.
 10570 | D:10     | 10570 ||| PLANNING LAIR
 10570 | D:10     | 10570 ||| READING 5 scrolls of identify.
 10570 | D:10     | 10570 ||| IDENTIFYING black potion
 10571 | D:10     | 10571 ||| READING 4 scrolls of identify.
 10571 | D:10     | 10571 ||| IDENTIFYING amethyst potion
 10614 | Lair:1   | Entered Level 1 of the Lair of Beasts
 10625 | Lair:1   | 10625 ||| INVOKING Heroism.
 10626 | Lair:1   | 10626 ||| Stepping ~*~*~tactically~*~*~ (stealth).
 10652 | Lair:1   | 10652 ||| INVOKING Heroism.
 10667 | Lair:1   | Reached skill level 11 in Axes
 10671 | Lair:1   | 10671 ||| INVOKING Heroism.
 10726 | Lair:1   | 10726 ||| Stepping ~*~*~tactically~*~*~ (stealth).
 10750 | Lair:1   | 10750 ||| INVOKING Heroism.
 10880 | Lair:1   | 10880 ||| INVOKING Heroism.
 10886 | Lair:1   | Noticed Maggie
 10894 | Lair:1   | 10894 ||| Stepping ~*~*~tactically~*~*~ (hiding).
 10904 | Lair:1   | Killed Maggie
 10934 | Lair:1   | 10934 ||| SWAPPING to +1 broad axe of draining.
 10935 | Lair:1   | 10935 ||| DROPPING +2 war axe.
 10964 | Lair:1   | Reached skill level 9 in Fighting
 10971 | Lair:1   | Reached *** piety under Okawaru
 10976 | Lair:1   | 10976 ||| Stepping ~*~*~tactically~*~*~ (stealth).
 10982 | Lair:1   | 10982 ||| INVOKING Heroism.
 11022 | Lair:1   | 11022 ||| Stepping ~*~*~tactically~*~*~ (stealth).
 11040 | Lair:1   | 11040 ||| Stepping ~*~*~tactically~*~*~ (stealth).
 11051 | Lair:1   | Noticed a death yak
 11052 | Lair:1   | 11052 ||| INVOKING Heroism.
 11054 | Lair:1   | Noticed a death yak
 11056 | Lair:1   | Noticed a death yak
 11056 | Lair:1   | Noticed a death yak
 11057 | Lair:1   | Noticed a death yak
 11059 | Lair:1   | Noticed a death yak
 11073 | Lair:1   | Killed a death yak
 11075 | Lair:1   | Killed a death yak
 11075 | Lair:1   | Killed a death yak
 11076 | Lair:1   | Reached XP level 12. HP: 26/76 MP: 15/15
 11078 | Lair:1   | Killed a death yak
 11079 | Lair:1   | Reached skill level 12 in Axes
 11082 | Lair:1   | Killed a death yak
 11082 | Lair:1   | Reached **** piety under Okawaru
 11083 | Lair:1   | 11083 ||| INVOKING Heroism.
 11086 | Lair:1   | Killed a death yak
 11321 | Lair:1   | Received a gift from Okawaru
 11797 | Lair:2   | 11797 ||| INVOKING Heroism.
 11829 | Lair:2   | 11829 ||| INVOKING Heroism.
 11857 | Lair:2   | 11857 ||| INVOKING Heroism.
 11871 | Lair:2   | 11871 ||| INVOKING Heroism.
 11882 | Lair:2   | Reached skill level 9 in Armour
 12014 | Lair:2   | Found a hole to the Spider Nest.
 12077 | Lair:2   | 12077 ||| Standing still (stuck).
 12078 | Lair:2   | 12078 ||| Standing still (stuck).
 12079 | Lair:2   | 12079 ||| Standing still (stuck).
 12080 | Lair:2   | 12080 ||| Standing still (stuck).
 12081 | Lair:2   | 12081 ||| Standing still (stuck).
 12082 | Lair:2   | 12082 ||| Standing still (stuck).
 12083 | Lair:2   | 12083 ||| Standing still (stuck).
 12084 | Lair:2   | 12084 ||| Standing still (stuck).
 12085 | Lair:2   | 12085 ||| Standing still (stuck).
 12086 | Lair:2   | 12086 ||| Standing still (stuck).
 12087 | Lair:2   | 12087 ||| Standing still (stuck).
 12088 | Lair:2   | 12088 ||| Standing still (stuck).
 12089 | Lair:2   | 12089 ||| Standing still (stuck).
 12090 | Lair:2   | 12090 ||| Standing still (stuck).
 12091 | Lair:2   | 12091 ||| Standing still (stuck).
 12092 | Lair:2   | 12092 ||| Standing still (stuck).
 12093 | Lair:2   | 12093 ||| Standing still (stuck).
 12094 | Lair:2   | 12094 ||| Standing still (stuck).
 12095 | Lair:2   | 12095 ||| Standing still (stuck).
 12096 | Lair:2   | 12096 ||| Standing still (stuck).
 12097 | Lair:2   | 12097 ||| Standing still (stuck).
 12098 | Lair:2   | 12098 ||| Standing still (stuck).
 12099 | Lair:2   | 12099 ||| Standing still (stuck).
 12100 | Lair:2   | 12100 ||| Standing still (stuck).
 12101 | Lair:2   | 12101 ||| Standing still (stuck).
 12102 | Lair:2   | 12102 ||| Standing still (stuck).
 12103 | Lair:2   | 12103 ||| Standing still (stuck).
 12104 | Lair:2   | 12104 ||| Standing still (stuck).
 12105 | Lair:2   | 12105 ||| Standing still (stuck).
 12106 | Lair:2   | 12106 ||| Standing still (stuck).
 12107 | Lair:2   | 12107 ||| Standing still (stuck).
 12108 | Lair:2   | 12108 ||| Standing still (stuck).
 12109 | Lair:2   | 12109 ||| Standing still (stuck).
 12110 | Lair:2   | 12110 ||| Standing still (stuck).
 12111 | Lair:2   | 12111 ||| Standing still (stuck).
 12112 | Lair:2   | 12112 ||| Standing still (stuck).
 12113 | Lair:2   | 12113 ||| Standing still (stuck).
 12114 | Lair:2   | 12114 ||| Standing still (stuck).
 12115 | Lair:2   | 12115 ||| Standing still (stuck).
 12116 | Lair:2   | 12116 ||| Standing still (stuck).
 12117 | Lair:2   | 12117 ||| Standing still (stuck).
 12118 | Lair:2   | 12118 ||| Standing still (stuck).
 12119 | Lair:2   | 12119 ||| Standing still (stuck).
 12120 | Lair:2   | 12120 ||| Standing still (stuck).
 12121 | Lair:2   | 12121 ||| Standing still (stuck).
 12122 | Lair:2   | 12122 ||| Standing still (stuck).
 12123 | Lair:2   | 12123 ||| Standing still (stuck).
 12124 | Lair:2   | 12124 ||| Standing still (stuck).
 12125 | Lair:2   | 12125 ||| Standing still (stuck).
 12126 | Lair:2   | 12126 ||| Standing still (stuck).
 12127 | Lair:2   | 12127 ||| Standing still (stuck).
 12128 | Lair:2   | 12128 ||| READING 7 scrolls of teleportation.
 12129 | Lair:2   | 12129 ||| Standing still (stuck).
 12130 | Lair:2   | 12130 ||| Standing still (stuck).
 12139 | Lair:2   | Reached skill level 6 in Invocations
 12239 | Lair:2   | 12239 ||| INVOKING Heroism.
 12348 | Lair:2   | 12348 ||| Stepping ~*~*~tactically~*~*~ (stealth).
 12563 | Lair:2   | 12563 ||| INVOKING Heroism.
 12564 | Lair:2   | Found a staircase to the Swamp.
 12836 | Lair:3   | 12836 ||| INVOKING Heroism.
 13140 | Lair:3   | Identified the +7 glaive of the Mordant God {pain, rN+}
 13453 | Lair:3   | 13453 ||| UPGRADING to +6 ring of dexterity.
 13464 | Lair:4   | Noticed an eight-headed hydra
 13465 | Lair:4   | 13465 ||| INVOKING Heroism.
 13466 | Lair:4   | 13466 ||| Stepping ~*~*~tactically~*~*~ (stealth).
 13470 | Lair:4   | 13470 ||| SWAPPING to +0 morningstar.
 13480 | Lair:4   | HP: 15/77 [eight-headed hydra (12)]
 13480 | Lair:4   | HP: 3/77 [eight-headed hydra (12)]
 13481 | Lair:4   | 13481 ||| READING 6 scrolls of teleportation.
 13481 | Lair:4   | Slain by an eight-headed hydra

Levels and vault maps discovered:
D:1:      heliophobic_arrival_glass_houses, layout_basic, serial_aquarium,
          aquarium_bridge_square [aquarium_subvault_bridge,
          aquarium_subvault_bridge, aquarium_subvault_bridge,
          aquarium_subvault_window], aquarium_window_fake, aquarium_window_fake,
          aquarium_view_2a, aquarium_view_2e,
          nicolae_concentric_dashed_squares_wild, dk_noncrumbling_3, st_stairs_3
D:2:      layout_basic
D:3:      layout_basic, zin_scriptorium, chequers_ecumenical_altar_simple_redux,
          serial_corexii_hall, corexii_hall_statues_l, corexii_hall_statues_u,
          st_stairs_4, minmay_three_crescents
D:4:      layout_basic, minmay_temple_entry_overgrown, interstate_on_off
D:5:      layout_loops_ring, old_standard_altar,
          nicolae_overflow_hallway_of_the_gods
D:6:      minmay_angry_zag, layout_loops_cross, kennysheep_cross_room,
          roderic_lattice_a, uniq_duvessa, uniq_edmund
D:7:      layout_layer_cave, kennysheep_generic_room_8, uniq_crazy_yiuf_cottage
D:8:      layout_cave_pools
D:9:      layout_loops_ring, david_orc_1_choice
D:10:     layout_cave_pods, nicolae_gozag_cash_rules_everything_around_me,
          grunt_lair_entry_orc_guard_hut, minmay_guarded_unrand_staff_of_olgreb
Temple:   compressed_dpeg_triangle_lava_temple
Lair:1:   layout_misc_corridors, amcnicky_mini_pool_medium,
          serial_bayou_shore_a, grunt_megastairs_1, serial_bayou_shore_b,
          uniq_maggie
Lair:2:   layout_cave_pods, minmay_swamp_entry_worms, spider_nest_entry_rubble,
          beast_lair_carwin_6
Lair:3:   layout_big_grid, hibernation_bobbens, infiniplex_staircase_pool_2
Lair:4:   nzn_winding_woodlands_stair_trap [nzn_winding_woodlands_5x15_twine,
          nzn_winding_woodlands_5x15_zeroes, nzn_winding_woodlands_5x15_pockets,
          nzn_winding_woodlands_15x15_eel_pit,
          nzn_winding_woodlands_5x15_split_checker,
          nzn_winding_woodlands_5x15_lazy_stream,
          nzn_winding_woodlands_5x15_eye], layout_regular_city, slime_entry_1,
          portal_ice_cave_entry_pillars_2

Skill      XL: |  1  2  3  4  5  6  7  8  9 10 11 12 |
---------------+-------------------------------------+-----
Axes           | 2 3 4 5 6 7 8 10 11 12 | 12.0
Dodging        | 1 2 |  2.3
Fighting       | 4 5 6 7 9 10 | 10.0
Armour         | 5 6 8 9 |  9.0
Throwing       | 1 2 3 |  3.2
Invocations    | 3 4 7 |  7.8
Shields        | 8 9 10 | 10.8

Action                     |  1- 3 |  4- 6 |  7- 9 | 10-12 || total
---------------------------+-------+-------+-------+-------++-------
  Melee: War axe           |    80 |   151 |   327 |   404 ||   962
         Broad axe         |       |       |       |   240 ||   240
         Morningstar       |       |       |       |    10 ||    10
  Throw: Boomerang         |       |     2 |     5 |    24 ||    31
         Javelin           |       |       |     7 |    49 ||    56
 Invoke: Heroism           |       |       |    15 |    34 ||    49
    Use: Scroll            |     4 |     5 |     8 |     7 ||    24
         Potion            |       |     3 |     1 |       ||     4
 Armour: Scale mail        |    27 |    65 |    44 |       ||   136
         Plate armour      |       |       |   108 |   312 ||   420
  Dodge: Dodged            |    34 |    34 |    77 |   149 ||   294
  Block: Buckler           |    15 |    67 |    52 |       ||   134
         Kite shield       |       |       |   155 |   578 ||   733
         Reflection        |       |       |     5 |     5 ||    10

Table legend:
 A = Non-vault XP
 B = Vault XP
 C = Vault XP percentage of total XP
 D = Non-vault monster count
 E = Vault monster count
 F = Vault count percentage of total count
                 A         B        C        D         E       F
            +---------+---------+-------+---------+---------+-------
      Total |   26614 |    5367 |  16.8 |     291 |      51 |  14.9
            +---------+---------+-------+---------+---------+-------
        D:1 |      18 |       3 |  14.3 |      12 |       2 |  14.3
        D:2 |      72 |       0 |   0.0 |      23 |       0 |   0.0
        D:3 |      97 |      61 |  38.6 |      24 |       8 |  25.0
        D:4 |     730 |       0 |   0.0 |      27 |       0 |   0.0
        D:5 |     743 |       0 |   0.0 |      17 |       0 |   0.0
        D:6 |    1342 |     530 |  28.3 |      31 |       8 |  20.5
        D:7 |    1252 |      42 |   3.2 |      36 |       1 |   2.7
        D:8 |     795 |       0 |   0.0 |       9 |       0 |   0.0
        D:9 |    4015 |     576 |  12.5 |      36 |       9 |  20.0
       D:10 |    1742 |     535 |  23.5 |      23 |       4 |  14.8
     Lair:1 |    9371 |    1644 |  14.9 |      32 |       7 |  17.9
     Lair:2 |    3789 |    1558 |  29.1 |      12 |      11 |  47.8
     Lair:3 |    2648 |       0 |   0.0 |       9 |       0 |   0.0
     Lair:4 |       0 |     418 | 100.0 |       0 |       1 | 100.0
            +---------+---------+-------+---------+---------+-------
